 Dungeon Crawl Stone Soup version 0.26-a0-818-g75db068ed4 (webtiles) character file.

Game seed: 3630199816120357674

2403 sahdkjhfkaj the Slicer (level 9, 0/54 HPs)
             Began as a Kobold Berserker on Nov 14, 2020.
             Was a Priest of Trog.
             Killed by vampiric draining
             ... invoked by a vampire
              (5 damage)
             ... on level 6 of the Dungeon.
             The game lasted 00:10:20 (7821 turns).

sahdkjhfkaj the Slicer (Kobold Berserker)           Turns: 7821, Time: 00:10:21

Health: 0/54       AC:  9    Str: 18    XL:     9   Next: 75%
Magic:  0/9        EV: 18    Int: 14    God:    Trog [***...]
Gold:   363        SH:  0    Dex: 14    Spells: 8/8 levels left

rFire    . . .     SeeInvis +   k - +6 rapier (venom)
rCold    . . .     Faith    .   (shield restricted)
rNeg     . . .     Spirit   +   m - +0 ring mail
rPois    .         Reflect  .   n - +0 helmet
rElec    .         Harm     .   o - +1 cloak
rCorr    .         Rampage  .   (no gloves)
MR       ++...                  q - +0 pair of boots
Stlth    +++++.....             b - amulet of guardian spirit
HPRegen  1.18/turn              g - ring of see invisible
MPRegen  0.11/turn              l - +6 ring of intelligence

@: berserk cooldown, regenerating (expiring), slowed, very slow
A: small, nightstalker 3
a: Berserk, Trog's Hand, Renounce Religion


You were on level 6 of the Dungeon.
You worshipped Trog.
Trog was most pleased with you.
You visited 1 branch of the dungeon, and saw 6 of its levels.

You collected 363 gold pieces.

Inventory:

Hand Weapons
 k - a +6 rapier of venom (weapon)
Armour
 m - a +0 ring mail (worn)
 n - a +0 helmet (worn)
 o - a +1 cloak (worn)
 q - a +0 pair of boots (worn)
Jewellery
 b - an amulet of guardian spirit (around neck)
 g - a ring of see invisible (left hand)
 i - an uncursed ring of ice
 l - a +6 ring of intelligence (right hand)
Wands
 j - a wand of polymorph (11)
 r - a wand of paralysis (5)
 w - a wand of disintegration (8)
Scrolls
 d - a scroll of enchant armour {!r}
 e - 3 scrolls of remove curse {!r}
 p - a scroll of fog {!r, unknown}
 t - a scroll of blinking {!r, unknown}
 u - 3 scrolls of immolation {!r}
Potions
 c - a potion of berserk rage {!q}
 f - a potion of lignification {!q, unknown}
 h - a potion of magic {!q, unknown}
 s - 5 potions of curing {!q}
 v - a potion of might {!q, unknown}


   Skills:
 - Level 5.0 Fighting
 - Level 10.0 Short Blades
 - Level 1.5 Armour
 + Level 8.1 Dodging
 - Level 10.0 Stealth
 - Level 1.0 Evocations


You had 8 spell levels left.
You didn't know any spells.
Your spell library was empty.

Dungeon Overview and Level Annotations

Branches:
Dungeon (6/15)             Temple (0/1) D:5

Altars:
Fedhas
Okawaru
Qazlal

Shops:
D:5 =[

Annotations:
D:6 1 transporter


Innate Abilities, Weirdness & Mutations

You are small and have problems with some larger weapons.
You are completely attuned to the shadows.


Message History

Your ogre hits felt's ghost with a +0 giant club!!!
Felt's ghost is destroyed!
Trog accepts your kill.
Trog appreciates your killing of a magic user.
The vampire barely misses you. The vampire bites you.
* * * LOW HITPOINT WARNING * * *
The vampire draws strength from your injuries!
Your Dodging skill increases to level 8!
You puncture the vampire!
The vampire is heavily damaged.
Your ogre barely misses the vampire.
The vampire hits you.
* * * LOW HITPOINT WARNING * * *
The vampire bites you!
* * * LOW HITPOINT WARNING * * *
The vampire draws strength from your injuries!
You puncture the vampire!
The vampire is severely damaged.
Your ogre barely misses the vampire.
The vampire is infused with unholy energy.
You die...

#######......)............#.
#.......©..)).............#.
#.#############..##.....####
#.#....$$?....#.'##....##...
#.#...........#..#######<.⌠.
#.#..##...##..#..##....##...
#.#V.#8...8#..#..#......####
#.#..##..O##..#..##.......#.
#.#.....©.V@..#..##.......#.
#.#..##...##..#..#........#.
#.#..#8...8#..#..'........#.
#.#..##...##..#..#........#.
#.#.[.........#..##.......#.
#.#..........©#.###.......#.
#.#############.##........#.
#.......©.......##........#.
#######...................#.


You could see a vampire (invisible) and a friendly ogre (summoned, berserk).

Vanquished Creatures
  Prince Ribbit (D:6)
  Eustachio (D:6)
  An orc warrior (D:6)
  2 ice beasts (D:5)
  A black bear (D:5)
  A phantom (D:6)
  2 ogres
  2 centaurs (D:6)
  2 scorpions
  6 wights (D:6)
  A bullfrog zombie (D:5)
  4 orc priests
  2 bullfrog skeletons
  2 hounds
  3 orc wizards
  5 worker ants
  A hound zombie (D:6)
  A hound skeleton (D:6)
  A worker ant zombie (D:6)
  Robin (D:3)
  A howler monkey skeleton (D:6)
  6 adders
  2 white imps (D:6)
  A worker ant simulacrum (D:6)
  An ooze (D:3)
  An adder skeleton (D:5)
  2 worms
  3 leopard geckos
  28 orcs
  A ball python (D:5)
  6 bats
  3 giant cockroaches (D:1)
  16 goblins
  6 hobgoblins
  3 jackals (D:5)
  3 quokkas
  3 frilled lizards
  A jackal zombie (D:6)
  11 kobolds
  A quokka skeleton (D:4)
  A quokka zombie (D:5)
  10 rats
150 creatures vanquished.

Vanquished Creatures (collateral kills)
  The ghost of felt the Conjurer, a novice HuFE of Okawaru (D:6)
1 creature vanquished.

Grand Total: 151 creatures vanquished

Notes
Turn   | Place    | Note
-------+----------+-------------------------------------------
     0 | D:1      | sahdkjhfkaj the Kobold Berserker began the quest for the
                  | Orb.
     0 | D:1      | Reached XP level 1. HP: 14/14 MP: 1/1
   118 | D:1      | Reached XP level 2. HP: 19/19 MP: 2/2
   340 | D:1      | Reached skill level 5 in Short Blades
   735 | D:1      | Reached XP level 3. HP: 23/23 MP: 3/3
   753 | D:1      | Reached ** piety under Trog
  1225 | D:2      | Reached XP level 4. HP: 28/28 MP: 4/4
  1445 | D:2      | Found a blossoming altar of Fedhas.
  2348 | D:3      | Reached XP level 5. HP: 32/32 MP: 5/5
  2411 | D:3      | Found an iron altar of Okawaru.
  3135 | D:3      | Noticed Robin
  3146 | D:3      | Reached XP level 6. HP: 37/37 MP: 6/6
  3147 | D:3      | Killed Robin
  3593 | D:4      | Reached *** piety under Trog
  3769 | D:4      | Noticed an ogre
  3777 | D:4      | Killed an ogre
  4159 | D:4      | Reached XP level 7. HP: 41/41 MP: 5/7
  4528 | D:4      | Reached skill level 10 in Short Blades
  4755 | D:4      | Reached skill level 1 in Stealth
  4981 | D:5      | Entered Level 5 of the Dungeon
  5005 | D:5      | Found a staircase to the Ecumenical Temple.
  5223 | D:5      | Reached skill level 5 in Fighting
  5300 | D:5      | Found Qafinu's Armour Shop.
  5329 | D:5      | Reached XP level 8. HP: 49/49 MP: 8/8
  5351 | D:5      | Reached skill level 5 in Dodging
  5512 | D:5      | Found Huloheh's Jewellery Boutique.
  6106 | D:6      | Reached skill level 5 in Stealth
  6236 | D:6      | Noticed Eustachio
  6619 | D:6      | Killed Eustachio
  7064 | D:6      | Reached XP level 9. HP: 54/54 MP: 9/9
  7083 | D:6      | Noticed Prince Ribbit
  7087 | D:6      | Killed Prince Ribbit
  7121 | D:6      | Found a stormy altar of Qazlal.
  7129 | D:6      | Reached skill level 10 in Stealth
  7138 | D:6      | Reached skill level 1 in Evocations
  7187 | D:6      | Reached **** piety under Trog
  7489 | D:6      | Found a transporter.
  7489 | D:6      | Noticed felt's ghost (novice HuFE)
  7494 | D:6      | Found a transporter.
  7819 | D:6      | Killed felt's ghost
  7821 | D:6      | Killed from afar by a vampire

Illustrated notes

Levels and vault maps discovered:
D:1:      dpeg_chamrin_arrival_tetris, layout_basic
D:2:      layout_basic, nicolae_overflow_crystal_walls, eino_curves_03,
          minmay_misc_feat_secret_circle
D:3:      layout_loops_cross, okawaru_ov_weapons_minmay, patterned_corridor,
          uniq_robin
D:4:      layout_layer_cave
D:5:      layout_loops_cross, minmay_temple_entry_mist, serial_shops,
          nicolae_shop_behind_doors, shop_coins, serial_glass, glass_columns_a,
          glass_columns_a, glass_columns_c, glass_columns_a, glass_columns_a,
          glass_columns_b
D:6:      layout_gridville, lemuel_crystal_altar, gammafunk_ghost_mausoleum,
          grunt_ministairs_4, uniq_prince_ribbit1, uniq_eustachio

Skill      XL: |  1  2  3  4  5  6  7  8  9 |
---------------+----------------------------+-----
Short Blades   | 5 6 7 8 9 10 | 10.0
Stealth        | 1 8 10 | 10.0
Fighting       | 5 |  5.0
Dodging        | 4 5 8 |  8.1
Evocations     | 1 |  1.0
Armour         | |  1.5

Action                   |  1- 3 |  4- 6 |  7- 9 || total
-------------------------+-------+-------+-------++-------
Melee: Short sword       |    80 |   214 |   212 ||   506
       Rapier            |       |       |    92 ||    92
Invok: Berserk           |     2 |     7 |     7 ||    16
       Trog's Hand       |       |       |     1 ||     1
       Brothers in Arms  |       |       |     1 ||     1
  Use: Scroll            |     1 |     5 |     5 ||    11
       Potion            |       |     2 |       ||     2
 Stab: Sleeping          |    10 |    10 |    11 ||    31
       Distracted        |       |       |     2 ||     2
Armor: Animal skin       |    13 |       |       ||    13
       Ring mail         |       |    51 |    83 ||   134
Dodge: Dodged            |    60 |   151 |   256 ||   467

Table legend: (Time is in decaauts)
 A = Elapsed time spent in this place.
 B = Non-inter-level travel time spent in this place.
 C = Inter-level travel time spent in this place.
 D = Time resting spent in this place.
 E = Time spent auto-exploring this place.
 F = Levels seen in this place.
 G = Mean time per level.
                   A        B        C        D        E       F      G
               +--------+--------+--------+--------+--------+-----+--------+
         Total |   7780 |   7515 |    265 |   2037 |   4420 |   6 | 1296.7 |
       Dungeon |   7780 |   7515 |    265 |   2037 |   4420 |   6 | 1296.7 |
               +--------+--------+--------+--------+--------+-----+--------+

Top non-repeatable levels by time:
     D:6: 1598 daAuts
     D:3: 1445 daAuts
     D:4: 1282 daAuts
     D:5: 1192 daAuts
     D:1: 1138 daAuts
     D:2: 1122 daAuts
